 Dungeon Crawl Stone Soup version 0.30.1-1-g62c8e00024 (webtiles) character file.

Game seed: 14662765940915836585

555 Peloso the Slasher (level 7, -2/61 HPs)
             Began as a Minotaur Fighter on July 15, 2023.
             Slain by an ogre
             ... wielding a +0 giant club
              (6 damage)
             ... on level 5 of the Dungeon.
             The game lasted 00:10:05 (3758 turns).

Peloso the Slasher (Minotaur Fighter)               Turns: 3758, Time: 00:10:06

Health: -2/61      AC: 10    Str: 21    XL:     7   Next: 8%
Magic:  6/6        EV:  8    Int:  5    God:
Gold:   246        SH:  5    Dex: 11    Spells: 6/6 levels left

rFire   . . .        a - +0 long sword (heavy)
rCold   . . .        d - +0 buckler
rNeg    . . .        c - +0 chain mail
rPois   +            (helmet restricted)
rElec   .            (no cloak)
rCorr   .            (no gloves)
SInv    .            (no boots)
Will    .....        (no amulet) Stlth
                     k - ring of poison resistance
HPRegen 0.30/turn    (no ring)
MPRegen 0.10/turn

%: no passive effects
@: about to teleport
A: horns 2, retaliatory headbutt
a: no special abilities


You were on level 5 of the Dungeon.
You visited 1 branch of the dungeon, and saw 5 of its levels.

You collected 246 gold pieces.

Inventory:

Hand Weapons
 a - a +0 heavy long sword (weapon)
Missiles
 v - 2 throwing nets (quivered)
Armour
 b - a +0 scale mail
 c - a +0 chain mail (worn)
 d - a +0 buckler (worn)
Jewellery
 e - a ring of fire
 k - a ring of poison resistance (left hand)
Scrolls
 i - a scroll of blinking {unknown}
 j - a scroll of fog
 m - a scroll of enchant weapon {unknown}
 n - a scroll of magic mapping
 o - a scroll of noise {unknown}
 s - a scroll of poison
 t - a scroll of identify
 y - a scroll of fear {unknown}
Potions
 f - a potion of invisibility {unknown}
 h - 3 potions of cancellation
 l - a potion of curing
 p - a potion of degeneration {unknown}
 q - a potion of lignification {unknown}
 r - 2 potions of might
 u - a potion of attraction {unknown}
 w - a potion of flight {unknown}


   Skills:
 + Level 5.5 Fighting
 + Level 5.8 Long Blades
 + Level 5.5 Armour
 + Level 2.0 Dodging
 + Level 0.2 Stealth
 + Level 4.8 Shields


You had 6 spell levels left.
You didn't know any spells.
Your spell library contained the following spells:

 Spells                   Type           Power      Damage    Failure   Level
 Summon Small Mammal      Summ           0%         N/A       99%         1
 Call Canine Familiar     Summ           0%         N/A       100%        3
 Summon Guardian Golem    Hex/Summ       0%         N/A       100%        3


Dungeon Overview and Level Annotations

Branches:
Dungeon (5/15)
 Temple: D:4-7

Altars:
Ashenzari

Shops:
D:1 (   D:3 *


Innate Abilities, Weirdness & Mutations

You have a pair of horns on your head.
You reflexively headbutt those who attack you in melee.


Message History

You barely miss the hound.
The hound is heavily wounded.
The hound bites you but does no damage. The iguana closely misses you.
The orc hits you but does no damage. The hound bites you.
* * * LOW HITPOINT WARNING * * *
You block the iguana's attack. The orc closely misses you.
You furiously retaliate!
You headbutt the orc!
You kill the orc!
Unknown command.
You feel much better. The hound misses you. You furiously retaliate!
You headbutt the hound!
You kill the hound!
The iguana bites you!
Your Dodging skill increases to level 2!
You have reached level 7!
You completely miss the iguana. You headbutt the iguana!
The iguana is almost dead.
The iguana barely misses you. You furiously retaliate!
You headbutt the iguana!
You kill the iguana!
You see here an iguana corpse.
You start resting.
HP restored.
You see here an iguana corpse.
There is a stone staircase leading down here.
You climb downwards.
The ogre hits you with a +0 giant club!
The ogre hits you with a +0 giant spiked club!!
There is a stone staircase leading up, spattered with blood here.
Okay, then.
The ogre attacks as you move away! The ogre completely misses you.
You furiously retaliate!
You headbutt the ogre! The ogre attacks as you move away!
The ogre hits you with a +0 giant club!
* * * LOW HITPOINT WARNING * * *
Okay, then.
As you read the scroll of teleportation, it crumbles to dust.
You feel strangely unstable. The ogre attacks as you move away!
You block the ogre's attack. The ogre attacks as you move away!
The ogre hits you with a +0 giant club!
* * * LOW HITPOINT WARNING * * *
The ogre attacks as you move away! The ogre hits you with a +0 giant club.
You die...

######## #.....#.#.. #......#
##..#.##.##. #......#
#..##'#...## #......#
#.##?...?... #......######
#O.####...## #...........#
##O.#.##.##. #...........#
##....#.#..
#.[[).......######## ##..##f##.
#.............O@...# #...###..
#.............O....# #.#..#...
#..................# #......##
#..................# ###....#
#..................# #l...#
#..................# #....#
#..................#######....#
#.............................#
#.....<.......(...............#


You could see 2 ogres.

Vanquished Creatures
  2 ogres (D:4)
  A black bear (D:4)
  A gnoll bouda (D:5)
  2 hounds
  An iguana (D:4)
  2 orc wizards (D:5)
  3 gnolls
  2 adders
  2 worms
  3 dart slugs
  4 orcs
  10 endoplasms
  A giant cockroach (D:3)
  7 goblins
  A hobgoblin (D:2)
  2 jackals (D:2)
  5 quokkas
  15 ball pythons
  4 bats
  2 frilled lizards
  8 kobolds
  4 rats
82 creatures vanquished.

Notes
Turn   | Place    | Note
-------+----------+-------------------------------------------
     0 | D:1      | Peloso the Minotaur Fighter began the quest for the Orb.
     0 | D:1      | Reached XP level 1. HP: 19/19 MP: 0/0
   264 | D:1      | Reached XP level 2. HP: 26/27 MP: 1/1
   380 | D:1      | Found Tuargh's Antique Weapon Shoppe.
  1187 | D:2      | Reached XP level 3. HP: 33/33 MP: 2/2
  1647 | D:3      | Found Poqu's General Store.
  2123 | D:3      | Reached XP level 4. HP: 34/40 MP: 3/3
  2162 | D:3      | Found a broken altar of Ashenzari.
  2537 | D:4      | Noticed an ogre
  2552 | D:4      | Killed an ogre
  2553 | D:4      | Reached XP level 5. HP: 25/47 MP: 4/4
  2645 | D:4      | You fall into a shaft and drop 1 floor!
  2645 | D:5      | Entered Level 5 of the Dungeon
  2751 | D:4      | Noticed an ogre
  2762 | D:4      | Killed an ogre
  2763 | D:4      | Reached skill level 5 in Long Blades
  2763 | D:4      | Reached skill level 1 in Dodging
  2774 | D:4      | Noticed a black bear
  2780 | D:4      | Killed a black bear
  2781 | D:4      | Reached skill level 5 in Fighting
  2781 | D:4      | Reached skill level 5 in Armour
  2781 | D:4      | Reached XP level 6. HP: 10/56 MP: 5/5
  3635 | D:4      | Reached XP level 7. HP: 28/61 MP: 6/6
  3758 | D:5      | Slain by an ogre

Illustrated notes

Levels and vault maps discovered:
D:1:      nicolae_arrival_memento_mori, layout_basic, serial_shops,
          nicolae_shop_real_fake_doors, moated_statue,
          chequers_serial_rivers_small_a, minmay_misc_feat_room,
          minmay_misc_feat_pillars, chequers_serial_rivers_large_b,
          minmay_crystal_water
D:2:      layout_basic
D:3:      layout_basic, nicolae_ashenzari_skybound, serial_shops, shop
D:4:      layout_gridville
D:5:      layout_gridville, minmay_fractal_squares_gapless_5

Skill      XL: |  1  2  3  4  5  6 |
---------------+-------------------+-----
Shields        | 4 |  4.8
Fighting       | 4 5 |  5.5
Armour         | 4 5 |  5.5
Long Blades    | 3 4 5 |  5.8
Dodging        | 1 2 |  2.0
Stealth        | |  0.2

Action                     |  1- 3 |  4- 6 |  7- 9 || total
---------------------------+-------+-------+-------++-------
  Melee: Long sword        |   101 |    75 |     1 ||   177
         Headbutt          |    14 |    13 |     1 ||    28
    Use: Scroll            |     6 |     4 |     1 ||    11
         Potion            |     1 |     1 |       ||     2
 Armour: Scale mail        |    33 |       |       ||    33
         Chain mail        |    12 |    69 |       ||    81
  Dodge: Dodged            |    58 |    55 |     2 ||   115
  Block: Buckler           |    27 |    32 |     1 ||    60
